 Dungeon Crawl Stone Soup version 0.25-a0-842-g81a31cfd23 (webtiles) character file.

Game seed: 2847517267878443727, levelgen mode: deterministic

56 Maedhros the Skirmisher (level 3, -5/29 HPs)
             Began as an Octopode Wanderer on Apr 25, 2020.
             Slain by a scorpion (6 damage)
             ... on level 4 of the Dungeon.
             The game lasted 00:04:01 (436 turns).

Maedhros the Skirmisher (Octopode Wanderer)          Turns: 436, Time: 00:04:02

Health: -5/29      AC:  1    Str: 11    XL:     3   Next: 97%
Magic:  3/3        EV: 14    Int: 11    God:
Gold:   53         SH:  0    Dex: 15    Spells: 2/2 levels left

rFire    . . .     SeeInvis .   a - +3 spear
rCold    . . .     Gourm    .   (no shield)
rNeg     . . .     Faith    .   (helmet restricted)
rPois    .         Spirit   .   (no amulet)
rElec    .         Reflect  .   (no ring)
rCorr    .         Harm     .   (no ring)
MR       .....                  (no ring)
Stlth    ++........             (no ring)
HPRegen  0.09/turn              (no ring)
MPRegen  0.08/turn              (no ring)
                                (no ring)
                                (no ring)

@: stab
A: almost no armour, stealthy swim, amphibious, 8 rings, constrict 8, camouflage
1, gelatinous body 1
a: no special abilities


You were on level 4 of the Dungeon.
You were not hungry.

You visited 1 branch of the dungeon, and saw 6 of its levels.

You collected 53 gold pieces.

Inventory:

Hand Weapons
 a - a +3 spear (weapon)
Wands
 h - a wand of polymorph (5)
Scrolls
 f - a scroll of random uselessness
Comestibles
 d - 2 rations


   Skills:
 - Level 5.0 Fighting
 + Level 3.6 Polearms
 * Level 2.7 Dodging
   Level 1.0 Shields
 - Level 1.1 Evocations


You had 2 spell levels left.
You didn't know any spells.
Your spell library was empty.

Dungeon Overview and Level Annotations

Branches:
Dungeon (6/15)
 Temple: D:4-7

Altars:
Gozag

Annotations:
D:4 Pikel
D:5 Menkaure, Prince Ribbit


Innate Abilities, Weirdness & Mutations

You cannot wear most types of armour.
You are very stealthy in the water. (Stealth+)
You are amphibious.
You can wear up to eight rings at the same time.
You can use your tentacles to constrict eight enemies at once.
Your skin changes colour to match your surroundings (Stealth+).
Your rubbery body absorbs attacks. (AC +1, EV +1)


Message History

f - a scroll of random uselessness The scorpion moves out of view.
You barely miss the adder. You grab the adder. Your squeeze misses the adder.
You constrict the adder. The adder closely misses you.
You puncture the adder!
The adder is severely wounded.
You constrict the adder. The adder barely misses you.
The adder closely misses you.
You hit the adder.
You kill the adder!
You aren't carrying any potions.
As you read the scroll labeled ILUOKY WOPTESI, it crumbles to dust.
It is a scroll of enchant weapon.
Your +2 spear glows red for a moment.
Unknown command.
Unknown command.
The scorpion stings you!
* * * LOW HITPOINT WARNING * * *
The scorpion stings you.
You die...

## ... .... .....
###########
......#.........#
......†....$....#
................#
................#
......#........@#
......#.......s.#
#..........$....#
..#####.........#
.. #.........#
#.........#
###########


You could see a scorpion.

Vanquished Creatures
  A crimson imp (D:5)
  An adder (D:4)
  2 leopard geckos (D:3)
  An orc (D:5)
  A giant cockroach (D:3)
  A goblin (D:3)
  A hobgoblin (D:3)
  2 bats (D:1)
  2 rats
12 creatures vanquished.

Notes
Turn   | Place    | Note
-------+----------+-------------------------------------------
     0 | D:1      | Maedhros the Octopode Wanderer began the quest for the Orb.
     0 | D:1      | Maedhros set off with the following items: a +2 spear, a
                  | scroll of teleportation, a potion of curing, a ration
     0 | D:1      | Reached XP level 1. HP: 18/18 MP: 1/1
   182 | D:3      | Reached skill level 1 in Dodging
   194 | D:3      | Reached XP level 2. HP: 19/24 MP: 2/2
   231 | D:3      | You fall into a shaft and drop 3 floors!
   231 | D:6      | Found an opulent altar of Gozag.
   231 | D:6      | Noticed an ice beast
   234 | D:6      | Noticed an orc warrior
   281 | D:5      | Entered Level 5 of the Dungeon
   295 | D:5      | Noticed a crimson imp
   301 | D:5      | Killed a crimson imp
   301 | D:5      | Reached XP level 3. HP: 26/29 MP: 3/3
   328 | D:5      | Noticed an ogre
   388 | D:5      | Noticed Menkaure
   391 | D:5      | Noticed a scorpion
   402 | D:5      | Noticed a slave
   402 | D:5      | Noticed Prince Ribbit
   402 | D:5      | Noticed a slave
   402 | D:5      | Noticed a slave
   402 | D:5      | Noticed Pikel
   402 | D:5      | Noticed a slave
   422 | D:4      | Noticed a scorpion
   423 | D:4      | Noticed a scorpion
   433 | D:4      | HP: 1/29 [scorpion (7)]
   436 | D:4      | Slain by a scorpion

Levels and vault maps discovered:
D:1:      eino_arrival_cavern_a, layout_basic
D:2:      layout_loops_ring
D:3:      minmay_octagon_keep, layout_basic, first_ration
D:4:      layout_rooms, lemuel_coloured_pillars_altar, serial_park_tiny_1,
          uniq_edmund, uniq_duvessa
D:5:      layout_loops_ring, gup_sewer_entry_bowl, nemelex_diamond_rough_becter,
          uniq_menkaure, uniq_pikel, uniq_prince_ribbit1
D:6:      layout_loops_cross, temple_doors_ab, basic_altar, dk_rats_in_the_wall

Skill      XL: |  1  2 |
---------------+-------+-----
Dodging        | 1 2 |  2.7
Fighting       | |  5.0
Polearms       | |  3.6
Shields        | |  1.0
Evocations     | |  1.1

Action                   || total
-------------------------++-------
Melee: Spear             ||    26
       Constrict         ||     9
       Tentacles         ||     5
Evoke: Wand              ||     3
  Use: Scroll            ||     4
       Potion            ||     2
 Stab: Sleeping          ||     1
Armor: Skin              ||     1
Dodge: Dodged            ||    33

Table legend:
 A = Non-vault XP
 B = Vault XP
 C = Vault XP percentage of total XP
 D = Non-vault monster count
 E = Vault monster count
 F = Vault count percentage of total count
                 A         B        C        D         E       F
            +---------+---------+-------+---------+---------+-------
      Total |      81 |       0 |   0.0 |      12 |       0 |   0.0
            +---------+---------+-------+---------+---------+-------
        D:1 |       4 |       0 |   0.0 |       3 |       0 |   0.0
        D:3 |      13 |       0 |   0.0 |       6 |       0 |   0.0
        D:4 |      13 |       0 |   0.0 |       1 |       0 |   0.0
        D:5 |      51 |       0 |   0.0 |       2 |       0 |   0.0
            +---------+---------+-------+---------+---------+-------
